3AAA
SIOUX FALLS RED PANDAS @ PORT ROYAL DISASTER
05/03/2023
 
TOP OF THE 1ST
Sioux Falls Red Pandas batting - Pitching for Port Royal Disaster : RHP Artie Horton
Pitching: RHP Artie Horton
Batting: SHB Juan Brito 0-0: DOUBLE (Line Drive, 9LD)
Batting: LHB Qi-zhen Loong 0-0: Ball
1-0: Swinging Strike
1-1: Foul Ball, location: 2F
1-2: Strikes out swinging
Batting: RHB Jesús Martínez 0-0: Called Strike
0-1: Ball
1-1: Ball
2-1: Ball
3-1: Swinging Strike
3-2: Foul Ball, location: 2F
3-2: Strikes out swinging
Batting: RHB Rubén Marino 0-0: Ball
1-0: Ground out 4-3 (Groundball, 4M)
Top of the 1st over - 0 run(s), 1 hit(s), 0 error(s), 1 left on base; Sioux Falls 0 - Port Royal 0
BOTTOM OF THE 1ST
Port Royal Disaster batting - Pitching for Sioux Falls Red Pandas : RHP Han-seung Kim
Pitching: RHP Han-seung Kim
Batting: RHB Javier Martínez 0-0: Fly out, F8 (Flyball, 8LXD)
Batting: LHB Peter Paul 0-0: Ball
1-0: Foul Ball, location: 2F
1-1: Ball
2-1: Reached on error, E3 (Groundball, 3)
Batting: RHB Iván Vega 0-0: Called Strike
Peter Paul is caught stealing 2nd base
0-1: Foul Ball, location: 2F
0-2: Foul Ball, location: 2F
0-2: Ball
1-2: SINGLE (Flyball, 7S)
Batting: LHB Javier Sánchez 0-0: Ball
Iván Vega steals 2nd base
1-0: Ball
2-0: Called Strike
2-1: Fly out, F4 (Popup, 4M)
Bottom of the 1st over - 0 run(s), 1 hit(s), 1 error(s), 1 left on base; Sioux Falls 0 - Port Royal 0
TOP OF THE 2ND
Sioux Falls Red Pandas batting - Pitching for Port Royal Disaster : RHP Artie Horton
Batting: RHB Eduardo Sánchez 0-0: Called Strike
0-1: Ball
1-1: Foul Ball, location: 2F
1-2: Ball
2-2: Foul Ball, location: 2F
2-2: Strikes out looking
Batting: RHB Jorge Díaz 0-0: Swinging Strike
0-1: Foul Ball, location: 2F
0-2: Foul Ball, location: 2F
0-2: Ball
1-2: Foul Ball, location: 2F
1-2: Ball
2-2: Fly out, F7 (Flyball, 7D)
Batting: RHB Jeffery Campbell 0-0: SINGLE (Groundball, 6MD)
Batting: RHB Jeremy Murphy 0-0: Ball
1-0: Ball
2-0: Foul Ball, location: 2F
2-1: Ball
3-1: Swinging Strike
3-2: Base on Balls
Jeffery Campbell to second
Batting: RHB Henry Jones 0-0: Ground out 5-3 (Groundball, 6S)
Top of the 2nd over - 0 run(s), 1 hit(s), 0 error(s), 2 left on base; Sioux Falls 0 - Port Royal 0
BOTTOM OF THE 2ND
Port Royal Disaster batting - Pitching for Sioux Falls Red Pandas : RHP Han-seung Kim
Batting: RHB David Gómez 0-0: Swinging Strike
0-1: Ball
1-1: SINGLE (Groundball, 5L)
Batting: RHB Wes Shannon 0-0: Ball
1-0: Foul Ball, location: 2F
1-1: Called Strike
1-2: Ball
2-2: Ball
3-2: Foul Ball, location: 2F
3-2: Strikes out swinging
Batting: RHB Ronnie Cleveland 0-0: Called Strike
0-1: Foul Ball, location: 2F
0-2: Strikes out swinging
Batting: RHB Brandon Cooper 0-0: Called Strike
0-1: Foul Ball, location: 2F
0-2: Reached on error, E5 (Groundball, 56)
David Gómez to second
Batting: RHB Sergio Martínez 0-0: SINGLE (Line Drive, 78S)
David Gómez to third
Brandon Cooper to second
Batting: RHB Javier Martínez 0-0: Ball
1-0: Called Strike
1-1: Swinging Strike
1-2: Ball
2-2: Strikes out looking
Bottom of the 2nd over - 0 run(s), 2 hit(s), 1 error(s), 3 left on base; Sioux Falls 0 - Port Royal 0
TOP OF THE 3RD
Sioux Falls Red Pandas batting - Pitching for Port Royal Disaster : RHP Artie Horton
Batting: SHB Juan Brito 0-0: Ball
1-0: Ball
2-0: DOUBLE (Flyball, 89D)
Batting: LHB Qi-zhen Loong 0-0: Ball
1-0: Ball
2-0: Ball
3-0: Called Strike
3-1: Swinging Strike
3-2: Base on Balls
Batting: RHB Jesús Martínez 0-0: Ball
1-0: DOUBLE (Groundball, 5L)
Juan Brito scores
Qi-zhen Loong to third
Batting: RHB Rubén Marino 0-0: Called Strike
0-1: Ground out 4-3 (Groundball, 4)
Qi-zhen Loong scores
Jesús Martínez to third
Batting: RHB Eduardo Sánchez 0-0: Ball
1-0: Called Strike
1-1: Ball
2-1: Ball
3-1: Base on Balls
Batting: RHB Jorge Díaz 0-0: Fly out, F8 (Flyball, 8LM)
Runner from 3rd tags up, SCORES, throw made
Batting: RHB Jeffery Campbell 0-0: Fly out, F9 (Flyball, 89M)
Top of the 3rd over - 3 run(s), 2 hit(s), 0 error(s), 1 left on base; Sioux Falls 3 - Port Royal 0
BOTTOM OF THE 3RD
Port Royal Disaster batting - Pitching for Sioux Falls Red Pandas : RHP Han-seung Kim
Batting: LHB Peter Paul 0-0: Ball
1-0: Ball
2-0: Ball
3-0: Called Strike
3-1: Base on Balls
Batting: RHB Iván Vega 0-0: Ball
1-0: 2-RUN HOME RUN (Flyball, 7D), Distance : 379 ft
Batting: LHB Javier Sánchez 0-0: DOUBLE (Groundball, 3L)
Batting: RHB David Gómez 0-0: Swinging Strike
0-1: SINGLE (Groundball, 13) (infield hit)
Javier Sánchez to third
Batting: RHB Wes Shannon 0-0: Ball
1-0: Foul Ball, location: 2F
1-1: Foul Ball, location: 2F
1-2: Foul Ball, location: 2F
1-2: Foul Ball, location: 2F
1-2: Strikes out swinging
Batting: RHB Ronnie Cleveland 0-0: Called Strike
0-1: DOUBLE (Flyball, 9LD)
Javier Sánchez scores
David Gómez to third
Batting: RHB Brandon Cooper 0-0: 3-RUN HOME RUN (Flyball, 78XD), Distance : 419 ft
Pitching: LHP José Hernández
Batting: RHB Sergio Martínez 0-0: Called Strike
0-1: Ball
1-1: Ground out U3 (Groundball, 3)
Batting: RHB Javier Martínez 0-0: Called Strike
0-1: Ball
1-1: Ball
2-1: Swinging Strike
2-2: Foul Ball, location: 2F
2-2: Ball
3-2: Strikes out looking
Bottom of the 3rd over - 6 run(s), 5 hit(s), 0 error(s), 0 left on base; Sioux Falls 3 - Port Royal 6
TOP OF THE 4TH
Sioux Falls Red Pandas batting - Pitching for Port Royal Disaster : RHP Artie Horton
Batting: RHB Jeremy Murphy 0-0: Called Strike
0-1: Fly out, F9 (Flyball, 89M)
Batting: RHB Henry Jones 0-0: Called Strike
0-1: Swinging Strike
0-2: Ball
1-2: SINGLE (Line Drive, 4D)
Batting: SHB Juan Brito 0-0: Fly out, F8 (Flyball, 8LM)
Batting: LHB Qi-zhen Loong 0-0: Ball
1-0: Called Strike
1-1: Fly out, F7 (Flyball, 7M)
Top of the 4th over - 0 run(s), 1 hit(s), 0 error(s), 1 left on base; Sioux Falls 3 - Port Royal 6
BOTTOM OF THE 4TH
Port Royal Disaster batting - Pitching for Sioux Falls Red Pandas : LHP José Hernández
Batting: LHB Peter Paul 0-0: Called Strike
0-1: Swinging Strike
0-2: Foul Ball, location: 2F
0-2: Ball
1-2: Ball
2-2: Ball
3-2: Base on Balls
Batting: RHB Iván Vega 0-0: Called Strike
0-1: Swinging Strike
0-2: Ball
1-2: DOUBLE (Groundball, 5L)
Peter Paul to third
Peter Paul scores
Batting: LHB Javier Sánchez 0-0: SINGLE (Popup, 4D)
Iván Vega to third
Runner from 3rd tries for Home, SAFE, no throw or cutoff
Batting: RHB David Gómez 0-0: Ball
1-0: Ball
2-0: Ball
3-0: Called Strike
3-1: Base on Balls
Javier Sánchez to second
Batting: RHB Wes Shannon 0-0: Grounds into double play, 4-6-3 (Groundball, 34)
Javier Sánchez to third
Batting: RHB Ronnie Cleveland 0-0: Ball
1-0: Foul Ball, location: 2F
1-1: Fly out, F4 (Popup, 4)
Bottom of the 4th over - 2 run(s), 2 hit(s), 0 error(s), 1 left on base; Sioux Falls 3 - Port Royal 8
TOP OF THE 5TH
Sioux Falls Red Pandas batting - Pitching for Port Royal Disaster : RHP Artie Horton
Batting: RHB Jesús Martínez 0-0: Foul Ball, location: 2F
0-1: Called Strike
0-2: Foul Ball, location: 2F
0-2: Ground out 6-3 (Groundball, 6M)
Batting: RHB Rubén Marino 0-0: Called Strike
0-1: Ball
1-1: Called Strike
1-2: Ball
2-2: Ball
3-2: Ground out 1-3 (Groundball, 13S)
Batting: RHB Eduardo Sánchez 0-0: Ball
1-0: Called Strike
1-1: Called Strike
1-2: Ground out 1-3 (Groundball, 15)
Top of the 5th over - 0 run(s), 0 hit(s), 0 error(s), 0 left on base; Sioux Falls 3 - Port Royal 8
BOTTOM OF THE 5TH
Port Royal Disaster batting - Pitching for Sioux Falls Red Pandas : LHP José Hernández
Batting: RHB Brandon Cooper 0-0: Ball
1-0: Called Strike
1-1: Foul Ball, location: 2F
1-2: Ball
2-2: Ball
3-2: Base on Balls
Batting: RHB Sergio Martínez 0-0: Bunted foul
0-1: Bunted foul
0-2: Ball
1-2: Fly out, F8 (Line Drive, 8RS)
Pitching: RHP Enrique Franco
Batting: RHB Javier Martínez 0-0: DOUBLE (Flyball, 78XD)
Brandon Cooper to third
Batting: LHB Peter Paul 0-0: Called Strike
0-1: Called Strike
0-2: Ball
1-2: Foul Ball, location: 2F
1-2: Foul Ball, location: 2F
1-2: Ball
2-2: Ball
3-2: Base on Balls
Batting: RHB Iván Vega 0-0: Called Strike
0-1: Called Strike
0-2: Ball
1-2: Ball
2-2: Foul Ball, location: 2F
2-2: Fly out, F7 (Line Drive, 7S)
Batting: LHB Javier Sánchez 0-0: Ball
1-0: Foul Ball, location: 2F
1-1: SINGLE (Groundball, 4MD)
Brandon Cooper scores
Javier Martínez to third
Peter Paul to second
Runner from 3rd tries for Home, SAFE, no throw or cutoff
Batting: RHB David Gómez 0-0: Called Strike
0-1: Fielders Choice at 2nd, U4 (Groundball, 4M)
Bottom of the 5th over - 2 run(s), 2 hit(s), 0 error(s), 2 left on base; Sioux Falls 3 - Port Royal 10
TOP OF THE 6TH
Sioux Falls Red Pandas batting - Pitching for Port Royal Disaster : RHP Artie Horton
Batting: RHB Jorge Díaz 0-0: Foul Ball, location: 2F
0-1: Ball
1-1: Called Strike
1-2: Foul Ball, location: 2F
1-2: Ball
2-2: Ground out 6-3 (Groundball, 56)
Batting: RHB Jeffery Campbell 0-0: Fly out, F8 (Line Drive, 8LM)
Batting: RHB Jeremy Murphy 0-0: Called Strike
0-1: Fly out, F9 (Flyball, 89S)
Top of the 6th over - 0 run(s), 0 hit(s), 0 error(s), 0 left on base; Sioux Falls 3 - Port Royal 10
BOTTOM OF THE 6TH
Port Royal Disaster batting - Pitching for Sioux Falls Red Pandas : RHP Enrique Franco
Batting: RHB Wes Shannon 0-0: Ball
1-0: SINGLE (Line Drive, 6M)
Batting: RHB Ronnie Cleveland 0-0: Ball
1-0: Ball
2-0: Sac Bunt - play at first, batter OUT! 1-4
Wes Shannon to second
Batting: RHB Brandon Cooper 0-0: Ball
1-0: Ball
2-0: Foul Ball, location: 2F
2-1: Called Strike
2-2: Ball
3-2: Foul Ball, location: 2F
3-2: Base on Balls
Batting: RHB Sergio Martínez 0-0: SINGLE (Groundball, 56S) (infield hit)
Wes Shannon to third
Brandon Cooper to second
Batting: RHB Javier Martínez 0-0: Foul Ball, location: 2F
0-1: Fly out, F7 (Flyball, 7M)
Runner from 3rd tags up, SCORES, no throw
Pitching: RHP Mike Russell
Batting: LHB Peter Paul 0-0: Called Strike
0-1: Ball
1-1: Swinging Strike
1-2: Ball
2-2: Foul Ball, location: 2F
2-2: Ball
3-2: Foul Ball, location: 2F
3-2: Fly out, F9 (Flyball, 9M)
Bottom of the 6th over - 1 run(s), 2 hit(s), 0 error(s), 2 left on base; Sioux Falls 3 - Port Royal 11
TOP OF THE 7TH
Sioux Falls Red Pandas batting - Pitching for Port Royal Disaster : RHP Artie Horton
Batting: RHB Henry Jones 0-0: Ball
1-0: Ground out 6-3 (Groundball, 6)
Batting: SHB Juan Brito 0-0: Swinging Strike
0-1: Ball
1-1: Ball
2-1: Ball
3-1: Base on Balls
Batting: LHB Qi-zhen Loong 0-0: Ball
1-0: Grounds into double play, 4-6-3 (Groundball, 4)
Top of the 7th over - 0 run(s), 0 hit(s), 0 error(s), 0 left on base; Sioux Falls 3 - Port Royal 11
BOTTOM OF THE 7TH
Port Royal Disaster batting - Pitching for Sioux Falls Red Pandas : RHP Mike Russell
Batting: RHB Iván Vega 0-0: Called Strike
0-1: Ball
1-1: Ball
2-1: SINGLE (Line Drive, 5L)
Batting: LHB Javier Sánchez 0-0: SINGLE (Line Drive, 34)
Iván Vega to second
Batting: RHB David Gómez 0-0: Foul Ball, location: 2F
0-1: Called Strike
0-2: Foul Ball, location: 2F
0-2: Strikes out swinging
Batting: RHB Wes Shannon 0-0: TRIPLE (Line Drive, 5L)
Iván Vega scores
Javier Sánchez scores
Pitching: RHP Jeffrey Mack
Batting: RHB Ronnie Cleveland 0-0: Ball
1-0: Swinging Strike
1-1: Swinging Strike
1-2: Foul Ball, location: 2F
1-2: Foul Ball, location: 2F
1-2: Ball
2-2: 2-RUN HOME RUN (Flyball, 7LD), Distance : 338 ft
Batting: RHB Brandon Cooper 0-0: Ball
1-0: Ball
2-0: Called Strike
2-1: Foul Ball, location: 2F
2-2: Ball
3-2: Base on Balls
Batting: RHB Sergio Martínez 0-0: Swinging Strike
0-1: Fly out, F3 (Popup, 3SF)
Batting: RHB Javier Martínez 0-0: Foul Ball, location: 2F
0-1: Ball
1-1: Foul Ball, location: 2F
1-2: Foul Ball, location: 2F
1-2: Foul Ball, location: 2F
1-2: Foul Ball, location: 2F
1-2: Foul Ball, location: 2F
1-2: Foul Ball, location: 2F
1-2: Ball
2-2: Strikes out swinging
Bottom of the 7th over - 4 run(s), 4 hit(s), 0 error(s), 1 left on base; Sioux Falls 3 - Port Royal 15
TOP OF THE 8TH
Sioux Falls Red Pandas batting - Pitching for Port Royal Disaster : RHP Artie Horton
Batting: RHB Jesús Martínez 0-0: Called Strike
0-1: Ball
1-1: Called Strike
1-2: Ball
2-2: Strikes out swinging
Batting: RHB Rubén Marino 0-0: DOUBLE (Line Drive, 9LM)
Batting: RHB Eduardo Sánchez 0-0: Ball
1-0: Fly out, F8 (Flyball, 8RS)
Batting: RHB Jorge Díaz 0-0: Called Strike
0-1: Swinging Strike
0-2: Foul Ball, location: 2F
0-2: SINGLE (Line Drive, 4MD)
Rubén Marino to third
Runner from 3rd tries for Home, SAFE, no throw or cutoff
Pitching: RHP Tony Vargas
Batting: RHB Jeffery Campbell 0-0: Called Strike
0-1: Ball
1-1: SINGLE (Groundball, 56D)
Jorge Díaz to second
Batting: RHB Jeremy Murphy 0-0: Called Strike
0-1: Fly out, F8 (Flyball, 8RM)
Top of the 8th over - 1 run(s), 3 hit(s), 0 error(s), 2 left on base; Sioux Falls 4 - Port Royal 15
BOTTOM OF THE 8TH
Port Royal Disaster batting - Pitching for Sioux Falls Red Pandas : RHP Jeffrey Mack
Batting: LHB Peter Paul 0-0: Ball
1-0: Foul Ball, location: 2F
1-1: Ball
2-1: Ball
3-1: Foul Ball, location: 2F
3-2: Foul Ball, location: 2F
3-2: Fly out, F8 (Line Drive, 78D)
Batting: RHB Iván Vega 0-0: SINGLE (Flyball, 8LS)
Batting: LHB Javier Sánchez 0-0: Ball
1-0: Ball
2-0: Ball
3-0: Called Strike
3-1: Foul Ball, location: 2F
3-2: Base on Balls
Iván Vega to second
Batting: RHB David Gómez 0-0: Ball
1-0: Foul Ball, location: 2F
1-1: Swinging Strike
1-2: Hit by Pitch
Iván Vega to third
Javier Sánchez to second
Pitching: RHP Manuel Silva
Batting: RHB Wes Shannon 0-0: Ball
1-0: TRIPLE (Line Drive, 5L)
Iván Vega scores
Javier Sánchez scores
David Gómez scores
Batting: RHB Ronnie Cleveland 0-0: Ball
1-0: Ball
2-0: Called Strike
2-1: Foul Ball, location: 2F
2-2: Foul Ball, location: 2F
2-2: Fly out, F8 (Flyball, 78D)
Runner from 3rd tags up, SCORES, no throw
Batting: RHB Brandon Cooper 0-0: Called Strike
0-1: Called Strike
0-2: Ball
1-2: Ball
2-2: Foul Ball, location: 2F
2-2: Foul Ball, location: 2F
2-2: Foul Ball, location: 2F
2-2: Fly out, F8 (Flyball, 8RXD)
Bottom of the 8th over - 4 run(s), 2 hit(s), 0 error(s), 0 left on base; Sioux Falls 4 - Port Royal 19
TOP OF THE 9TH
Sioux Falls Red Pandas batting - Pitching for Port Royal Disaster : RHP Tony Vargas
Now at 2B: Keith McKnight
Batting: RHB Henry Jones 0-0: Ball
1-0: Called Strike
1-1: Ground out 1-3 (Groundball, 15)
Batting: SHB Juan Brito 0-0: Ball
1-0: Fly out, F9 (Flyball, 9LSF)
Batting: LHB Qi-zhen Loong 0-0: Called Strike
0-1: Foul Ball, location: 2F
0-2: Ball
1-2: Foul Ball, location: 2F
1-2: Ball
2-2: Strikes out swinging
Top of the 9th over - 0 run(s), 0 hit(s), 0 error(s), 0 left on base; Sioux Falls 4 - Port Royal 19
This league is powered by Out of the Park Baseball, the baseball management simulation game for PC, Mac and Linux
Friday, July 8th, 2016 - OOTP Baseball 16.9 Build 39